 Dungeon Crawl Stone Soup version 0.29.1-13-g9f3cf754e1 (webtiles) character file.

Game seed: 12572066084727368274

132 bjubeck the Chopper (level 4, -1/42 HPs)
             Began as a Minotaur Berserker on Feb 9, 2023.
             Was a Believer of Trog.
             Slain by Sigmund
             ... wielding a +0 scythe
              (4 damage)
             ... on level 3 of the Dungeon.
             The game lasted 00:04:16 (2817 turns).

bjubeck the Chopper (Minotaur Berserker)            Turns: 2817, Time: 00:04:17

Health: -1/42      AC:  8    Str: 24    XL:     4   Next: 92%
Magic:  3/3        EV: 10    Int: 10    God:    Trog [**....]
Gold:   126        SH:  0    Dex:  9    Spells: 3/3 levels left

rFire   . . .      SeeInvis .   a - +0 hand axe
rCold   . . .      Faith    .   (no shield)
rNeg    . . .      Spirit   .   n - +0 scale mail
rPois   .          Reflect  .   g - +1 hat
rElec   .          Harm     .   (no cloak)
rCorr   .          Rampage  .   (no gloves)
Will    .....                   m - +0 pair of boots
Stlth   ..........              (no amulet)
HPRegen 0.14/turn               f - ring of flight
MPRegen 0.08/turn               j - +6 ring of intelligence

@: confused, on berserk cooldown, flying, slowed, very slow
A: horns 2, retaliatory headbutt
a: Renounce Religion, Berserk, Trog's Hand


You were on level 3 of the Dungeon.
You worshipped Trog.
Trog was pleased with you.
You visited 1 branch of the dungeon, and saw 3 of its levels.

You collected 126 gold pieces.

Inventory:

Hand Weapons
 a - a +0 hand axe (weapon)
Missiles
 l - 6 poisoned darts (quivered)
Armour
 b - a +0 animal skin
 g - a +1 hat (worn)
 m - a +0 pair of boots (worn)
 n - a +0 scale mail (worn)
Jewellery
 f - a ring of flight (left hand)
 j - a +6 ring of intelligence (right hand)
Scrolls
 e - a scroll of acquirement {unknown}
 h - a scroll of fear {unknown}
 i - 3 scrolls of identify {unknown}
 p - a scroll of amnesia {unknown}
 q - a scroll of noise {unknown}
Potions
 c - a potion of heal wounds {unknown}
 d - 4 potions of curing {unknown}
 k - 2 potions of ambrosia {unknown}
 o - a potion of attraction {unknown}
 r - a potion of lignification {unknown}


   Skills:
 + Level 5.4 Fighting
 + Level 5.5 Axes
 - Level 2.4 Armour
 - Level 2.1 Dodging


You had 3 spell levels left.
You didn't know any spells.
Your spell library was empty.

Dungeon Overview and Level Annotations

Branches:
Dungeon (3/15)

Altars:

Annotations:
D:3 Sigmund


Innate Abilities, Weirdness & Mutations

You have a pair of horns on your head.
You reflexively headbutt those who attack you in melee.


Message History

You bump into the rock wall.
You feel a strong urge to attack something.
Sigmund hits you from afar with a +0 scythe.
The orc misses you.
You are no longer berserk.
You are exhausted.
You feel yourself slow down.
You miss Sigmund. Your headbutt misses Sigmund.
Sigmund is lightly wounded.
Sigmund hits you with a +0 scythe. The orc hits you with a +0 mace.
You miss the orc. You closely miss Sigmund. Sigmund closely misses you.
The orc barely misses you. x2
You miss Sigmund. Your headbutt misses Sigmund.
Sigmund is lightly wounded.
You hit the orc.
You feel less confused. Sigmund gestures at you while chanting.
You are confused.
The orc hits you with a +0 mace. Sigmund hits you but does no damage.
You barely miss Sigmund.
Sigmund is lightly wounded.
You closely miss the orc. The orc barely misses you.
Sigmund casts a spell.
Sigmund flickers and vanishes!
Deactivating autopickup; reactivate with Ctrl-A.
The orc hits you with a +0 mace.
You hit something. You hit the orc. Something hits you.
The orc hits you but does no damage.
You hit the orc.
You kill the orc!
Trog accepts your kill.
You closely miss something. Something hits you!
* * * LOW HITPOINT WARNING * * *
You hit something. Something hits you!
* * * LOW HITPOINT WARNING * * *
You feel less confused.
You hear some strange, mumbled words.
You are confused.
You miss something. Something hits you.
You die...

#### #######...#
#.......#.#
#.###.#...###
#.##{.)#.....
#######.#..@..#####
# #.......##...##
######.#########.##
##........# #.#
##.###.##.# #.#
##.# #.##.# #+#
##.###.##.#
##.##..##.#
##.##..##.#


There were no monsters in sight!

Vanquished Creatures
  An orc priest (D:3)
  Terence (D:3)
  An adder (D:3)
  A dart slug (D:1)
  5 orcs (D:3)
  2 ball pythons (D:1)
  A bat (D:3)
  6 endoplasms
  2 giant cockroaches
  9 goblins
  9 hobgoblins
  5 jackals (D:1)
  A quokka (D:3)
  A frilled lizard (D:2)
  4 kobolds
  7 rats
56 creatures vanquished.

Notes
Turn   | Place    | Note
-------+----------+-------------------------------------------
     0 | D:1      | bjubeck the Minotaur Berserker began the quest for the Orb.
     0 | D:1      | Reached XP level 1. HP: 19/19 MP: 0/0
   186 | D:1      | Reached XP level 2. HP: 27/27 MP: 1/1
   713 | D:1      | Reached XP level 3. HP: 25/34 MP: 2/2
   928 | D:1      | Reached ** piety under Trog
  1309 | D:2      | Found a faded altar of an unknown god.
  2147 | D:3      | Noticed Terence
  2153 | D:3      | Killed Terence
  2154 | D:3      | Reached skill level 5 in Fighting
  2154 | D:3      | Reached skill level 5 in Axes
  2154 | D:3      | Reached XP level 4. HP: 42/42 MP: 3/3
  2800 | D:3      | Noticed Sigmund
  2815 | D:3      | HP: 2/42 [something (8)]
  2817 | D:3      | Slain by Sigmund

Illustrated notes

Levels and vault maps discovered:
D:1:      lightli_arrival_quake, layout_loops_corners, dk_noncrumbling_4
D:2:      layout_loops_ring, serial_co_window_serial, co_window_paths_a,
          co_window_corner_a, co_window_of_opportunity_a, co_window_paths_a,
          co_window_corner_a, co_window_corner_a, co_window_corner_a,
          co_window_broadway_a, co_window_corner_cb, co_window_of_opportunity_b,
          co_window_sun, glass_columns_a, glass_columns_a,
          shapermc_ecumenical_altar_rom_forum
D:3:      layout_loops_corners, serial_shops, shop, uniq_sigmund, uniq_terence,
          uniq_natasha

Skill      XL: |  1  2  3 |
---------------+----------+-----
Fighting       | 4 5 |  5.4
Axes           | 4 5 |  5.5
Armour         | |  2.4
Dodging        | |  2.1

Action                   |  1- 3 |  4- 6 || total
-------------------------+-------+-------++-------
Melee: Hand axe          |    81 |    45 ||   126
       Headbutt          |     7 |     5 ||    12
Invok: Berserk           |     1 |     1 ||     2
 Stab: Distracted        |     1 |       ||     1
Armor: Animal skin       |    12 |       ||    12
       Scale mail        |       |    13 ||    13
Dodge: Dodged            |    41 |    19 ||    60
